General information
			
			
        
        - name: BNet
 
        - type: Ladder team game (AT/RT)
 
        - host: Battle.net
 
        - saver: TIMG4STRok
 
        
map: BloodstoneMesa 
        - players: 6
 
        - length: 19:06
 
        - speed: Fast
 - version: 1.22 W3XP
 - replay type:  

 
» download(169 KB)
Players
        team 1 (winner) 
              
              
BirdmanDoes4s (
teal | 102 APM | 1952 actions | 19:06)
              
 5 Death Knight 
 3 Death Coil
 2 Unholy Aura
 3 Lich 
 2 Frost Nova
 1 Dark Ritual
 2 Crypt Lord 
 1 Impale
 1 Spiked Carapace
 
                » actions 
                
                | Assign group hotkey | 23 |  | 
| Basic commands | 160 |  | 
| Build / train | 50 |  | 
| Enter build submenu | 13 |  | 
| Enter hero's abilities submenu | 10 |  | 
| Give item / drop item | 1 |  | 
| Right click | 924 |  | 
| Select / deselect | 299 |  | 
| Select group hotkey | 387 |  | 
| Use ability | 85 |  | 
                1952 total
 » units 
                
                | Acolyte | 2 |  | 
| Ghoul | 2 |  | 
| Crypt Fiend | 8 |  | 
| Frost Wyrm | 4 |  | 
                16 total
 » upgrades
                
                | Creature Attack | 3 |  | 
| Burrow | 1 |  | 
| Web | 1 |  | 
| Creature Carapace | 1 |  | 
                6 total
 » buildings
                
                | Crypt | 1 |  | 
| Graveyard | 1 |  | 
| Altar of Darkness | 1 |  | 
| Ziggurat | 6 |  | 
| Tomb of Relics | 1 |  | 
| Halls of the Dead | 1 |  | 
| Black Citadel | 1 |  | 
| Sacrificial Pit | 1 |  | 
| Boneyard | 1 |  | 
| Spirit Tower | 1 |  | 
                15 total
 » build order
                00:05 Crypt
00:17 Graveyard
00:28 Altar of Darkness
00:46 Ziggurat
01:01 Tomb of Relics
01:50 Ziggurat
04:09 Halls of the Dead
04:43 Ziggurat
07:03 Ziggurat
07:31 Black Citadel
09:03 Sacrificial Pit
09:58 Boneyard
12:01 Ziggurat
14:13 Ziggurat
14:48 Spirit Tower
» items
                
                | Rod of Necromancy | 4 |  | 
| Potion of Mana | 2 |  | 
| Dust of Appearance | 1 |  | 
| Lesser Clarity Potion | 1 |  | 
| Orb of Corruption | 2 |  | 
| Scroll of Town Portal | 1 |  | 
| Scroll of Healing | 1 |  | 
                12 total
  
               
              
              
ripGOSU4SALE (
yellow | 65 APM | 1242 actions | 19:06)
              
 5 Keeper of the Grove 
 3 Entangling Roots
 2 Force of Nature
 
                » actions 
                
                | Assign group hotkey | 38 |  | 
| Basic commands | 46 |  | 
| Build / train | 31 |  | 
| Enter build submenu | 10 |  | 
| Enter hero's abilities submenu | 5 |  | 
| Remove unit from queue | 1 |  | 
| Right click | 558 |  | 
| Select / deselect | 202 |  | 
| Select group hotkey | 313 |  | 
| Use ability | 38 |  | 
                1242 total
 » units 
                » upgrades
                
                | Moon Armor | 1 |  | 
| Strength of the Moon | 1 |  | 
                2 total
 » buildings
                
                | Altar of Elders | 1 |  | 
| Moon Well | 4 |  | 
| Ancient of War | 3 |  | 
| Hunter's Hall | 1 |  | 
| Tree of Life | 1 |  | 
                10 total
 » build order
                00:20 Altar of Elders
00:33 Moon Well
01:56 Ancient of War
01:59 Hunter's Hall
02:15 Ancient of War
02:21 Moon Well
02:45 Moon Well
05:44 Moon Well
13:08 Ancient of War
15:47 Tree of Life
 
               
              
              
» 
TIMG4STRok (
pink | 175 APM | 3349 actions | 19:06)
              
 3 Archmage 
 2 Summon Water Elemental
 1 Brilliance Aura
 3 Mountain King 
 2 Storm Bolt
 1 Bash
 
                » actions 
                
                | Assign group hotkey | 27 |  | 
| Basic commands | 137 |  | 
| Build / train | 75 |  | 
| Enter build submenu | 29 |  | 
| Enter hero's abilities submenu | 6 |  | 
| Right click | 1590 |  | 
| Select / deselect | 369 |  | 
| Select group hotkey | 1042 |  | 
| Use ability | 74 |  | 
                3349 total
 » units 
                
                | Peasant | 19 |  | 
| Footman | 11 |  | 
| Sorceress | 2 |  | 
| Priest | 2 |  | 
| Gryphon Rider | 4 |  | 
                38 total
 » upgrades
                
                | Defend | 1 |  | 
| Masonry | 3 |  | 
| Lumber Harvesting | 2 |  | 
| Sorceress Training | 2 |  | 
| Priest Training | 2 |  | 
| Animal War Training | 1 |  | 
| Storm Hammers | 1 |  | 
| Swords | 1 |  | 
                13 total
 » buildings
                
                | Altar of Kings | 1 |  | 
| Barracks | 1 |  | 
| Farm | 10 |  | 
| Scout Tower | 11 |  | 
| Arcane Tower | 3 |  | 
| Town Hall | 1 |  | 
| Arcane Vault | 1 |  | 
| Lumber Mill | 1 |  | 
| Keep | 1 |  | 
| Guard Tower | 3 |  | 
| Arcane Sanctum | 2 |  | 
| Castle | 1 |  | 
| Blacksmith | 1 |  | 
| Gryphon Aviary | 2 |  | 
                39 total
 » build order
                00:05 Altar of Kings
00:07 Barracks
00:30 Farm
01:07 Farm
01:32 Farm
02:17 Scout Tower
02:44 Farm
02:48 Arcane Tower
04:55 Town Hall
04:57 Scout Tower
04:58 Scout Tower
04:58 Scout Tower
04:59 Scout Tower
05:20 Arcane Vault
05:32 Arcane Tower
05:39 Lumber Mill
07:05 Keep
07:07 Scout Tower
07:08 Scout Tower
07:15 Scout Tower
07:15 Scout Tower
07:37 Guard Tower
09:09 Scout Tower
09:10 Scout Tower
09:14 Guard Tower
09:32 Arcane Sanctum
09:33 Arcane Sanctum
09:45 Guard Tower
11:03 Arcane Tower
11:18 Castle
12:48 Blacksmith
12:50 Gryphon Aviary
12:52 Gryphon Aviary
12:55 Farm
12:55 Farm
12:56 Farm
12:58 Farm
12:59 Farm
18:49 Farm
» items
                
                | Scroll of Regeneration | 3 |  | 
| Scroll of Town Portal | 1 |  | 
| Potion of Healing | 2 |  | 
                6 total
  
               team 2 (loser) 
              
              
Advacit (
orange | 148 APM | 2762 actions | 18:42)
              
 3 Priestess of the Moon 
 1 Searing Arrows
 2 Trueshot Aura
 
                » actions 
                
                | Assign group hotkey | 60 |  | 
| Basic commands | 212 |  | 
| Build / train | 46 |  | 
| Enter build submenu | 11 |  | 
| Enter hero's abilities submenu | 3 |  | 
| Remove unit from queue | 1 |  | 
| Right click | 1559 |  | 
| Select / deselect | 246 |  | 
| Select group hotkey | 555 |  | 
| Use ability | 69 |  | 
                2762 total
 » units 
                » upgrades
                
                | Ultravision | 1 |  | 
| Strength of the Moon | 1 |  | 
                2 total
 » buildings
                
                | Altar of Elders | 1 |  | 
| Moon Well | 6 |  | 
| Hunter's Hall | 1 |  | 
| Ancient of War | 2 |  | 
| Tree of Life | 1 |  | 
| Tree of Ages | 1 |  | 
                12 total
 » build order
                00:04 Altar of Elders
00:20 Moon Well
01:42 Hunter's Hall
01:46 Ancient of War
02:16 Ancient of War
02:34 Moon Well
04:40 Moon Well
05:46 Tree of Life
07:06 Moon Well
07:08 Moon Well
12:32 Moon Well
12:59 Tree of Ages
12:59 Tree of Ages
» items
                
                | Healing Salve | 2 |  | 
| Scroll of Speed | 2 |  | 
| Potion of Healing | 1 |  | 
| Scroll of Town Portal | 1 |  | 
| Scroll of Healing | 1 |  | 
                7 total
  
               
              
              
CribToCoffin (
green | 84 APM | 1591 actions | 18:55)
              
 5 Tauren Chieftain 
 3 Endurance Aura
 2 War Stomp
 
                » actions 
                
                | Assign group hotkey | 17 |  | 
| Basic commands | 192 |  | 
| Build / train | 49 |  | 
| ESC pressed | 10 |  | 
| Enter build submenu | 24 |  | 
| Enter hero's abilities submenu | 5 |  | 
| Right click | 547 |  | 
| Select / deselect | 229 |  | 
| Select group hotkey | 410 |  | 
| Use ability | 108 |  | 
                1591 total
 » units 
                » upgrades
                
                | Witch Doctor Training | 1 |  | 
| Armor | 1 |  | 
                2 total
 » buildings
                
                | Altar of Storms | 1 |  | 
| Orc Burrow | 7 |  | 
| Barracks | 1 |  | 
| Voodoo Lounge | 1 |  | 
| Stronghold | 2 |  | 
| War Mill | 1 |  | 
| Watch Tower | 8 |  | 
| Spirit Lodge | 1 |  | 
                22 total
 » build order
                00:09 Altar of Storms
00:19 Orc Burrow
00:37 Barracks
01:31 Orc Burrow
02:02 Voodoo Lounge
04:07 Stronghold
04:09 Orc Burrow
04:25 War Mill
05:56 Watch Tower
06:00 Watch Tower
06:53 Spirit Lodge
10:14 Watch Tower
10:16 Orc Burrow
11:00 Orc Burrow
11:01 Orc Burrow
11:19 Orc Burrow
11:41 Watch Tower
11:42 Watch Tower
11:44 Watch Tower
11:51 Watch Tower
11:52 Watch Tower
» items
                
                | Healing Salve | 2 |  | 
| Lesser Clarity Potion | 2 |  | 
| Potion of Mana | 1 |  | 
| Scroll of Speed | 1 |  | 
| Scroll of Town Portal | 1 |  | 
                7 total
  
               
              
              
ima.Playa (
purple | 63 APM | 1201 actions | 19:05)
              
 5 Death Knight 
 3 Death Coil
 2 Unholy Aura
 3 Lich 
 2 Frost Nova
 1 Frost Armor
 
                » actions 
                
                | Assign group hotkey | 41 |  | 
| Basic commands | 82 |  | 
| Build / train | 69 |  | 
| Enter build submenu | 17 |  | 
| Enter hero's abilities submenu | 8 |  | 
| Give item / drop item | 4 |  | 
| Remove unit from queue | 1 |  | 
| Right click | 371 |  | 
| Select / deselect | 267 |  | 
| Select group hotkey | 264 |  | 
| Use ability | 77 |  | 
                1201 total
 » units 
                
                | Acolyte | 2 |  | 
| Ghoul | 1 |  | 
| Crypt Fiend | 13 |  | 
| Frost Wyrm | 5 |  | 
| Obsidian Statue | 1 |  | 
                22 total
 » upgrades
                
                | Creature Attack | 3 |  | 
| Creature Carapace | 2 |  | 
| Burrow | 1 |  | 
| Web | 1 |  | 
| Freezing Breath | 1 |  | 
| Destroyer Form | 1 |  | 
                9 total
 » buildings
                
                | Graveyard | 1 |  | 
| Crypt | 1 |  | 
| Altar of Darkness | 1 |  | 
| Ziggurat | 8 |  | 
| Tomb of Relics | 1 |  | 
| Nerubian Tower | 1 |  | 
| Halls of the Dead | 3 |  | 
| Black Citadel | 1 |  | 
| Sacrificial Pit | 1 |  | 
| Boneyard | 2 |  | 
| Slaughterhouse | 1 |  | 
                21 total
 » build order
                00:08 Graveyard
00:11 Crypt
00:28 Altar of Darkness
00:47 Ziggurat
01:00 Tomb of Relics
01:48 Ziggurat
02:22 Nerubian Tower
04:31 Halls of the Dead
04:32 Halls of the Dead
04:51 Ziggurat
06:54 Black Citadel
07:09 Sacrificial Pit
09:32 Boneyard
09:34 Boneyard
10:49 Ziggurat
12:53 Ziggurat
14:25 Slaughterhouse
14:42 Ziggurat
14:44 Ziggurat
16:53 Ziggurat
» items
                
                | Rod of Necromancy | 2 |  | 
| Dust of Appearance | 1 |  | 
| Scroll of Town Portal | 5 |  | 
| Potion of Mana | 1 |  | 
| Orb of Corruption | 1 |  | 
| Scroll of Healing | 3 |  | 
| Potion of Healing | 1 |  | 
                14 total
  
                Chat log
          (00:18 / All) ima.Playa: hmm mherS?
(00:21 / All) BirdmanDoes4s: yes
(00:33 / All) BirdmanDoes4s: go cry in ur closet
(00:34 / All) ima.Playa: rip baller4life mhs
(00:35 / All) ima.Playa: so bad
(00:40 / All) ima.Playa: And he is still terribad
(00:49 / All) TIMG4STRok: suck my balls shit noob
(00:53 / All) BirdmanDoes4s: 2-0 solo
(00:55 / All) BirdmanDoes4s: hotshit
(00:58 / All) ripGOSU4SALE: go 20-3 in 2s with no hax then
(01:04 / All) ripGOSU4SALE: like we did
(01:08 / Allies) ripGOSU4SALE: with 90% ell
(01:12 / All) ima.Playa: stating in game teach me
(01:12 / All) ripGOSU4SALE: wityh 90% ell
(01:22 / All) BirdmanDoes4s: I was taught by sonkie
(01:22 / All) ima.Playa: sorry gays cant get 90% ell
(01:27 / All) ripGOSU4SALE: ur gay
(01:27 / All) TIMG4STRok: lmfoa
(01:35 / All) ima.Playa: vu>sonkie
(01:51 / All) ripGOSU4SALE: remeber qazzi_sunrise and sunset 2 seasons ago?
(01:57 / All) ima.Playa: nope
(02:04 / All) ripGOSU4SALE: 52-1
(02:06 / All) BirdmanDoes4s: Lol hes a patch 1.21 noob
(02:17 / All) ima.Playa: remember duckster last season
(02:18 / All) BirdmanDoes4s: Just started playing?
(02:25 / All) BirdmanDoes4s: that hacker?
(02:28 / All) ima.Playa: ya
(02:28 / All) BirdmanDoes4s: oh yeah
(02:30 / Allies) ripGOSU4SALE: nope quit for a year and a half
(02:30 / All) ima.Playa: sure
(02:33 / All) ima.Playa: not vote4duck
(02:35 / All) ima.Playa: stuiped
(02:42 / All) BirdmanDoes4s: Duckster was keblo
(02:46 / All) BirdmanDoes4s: the hacker
(02:55 / All) ima.Playa: LOL keblo wasnt duscket he was b3ll
(02:57 / All) BirdmanDoes4s: Aka raegten
(03:09 / All) BirdmanDoes4s: I get u hacker fagz mixed up
(03:10 / All) ima.Playa: Raegten was his sister
(03:18 / All) BirdmanDoes4s: no it wasnt
(03:21 / All) BirdmanDoes4s: idiot
(03:23 / All) ima.Playa: ya it was stuiped
(03:27 / All) BirdmanDoes4s: stuiped
(03:52 / All) ima.Playa: so annoying
(05:27 / All) BirdmanDoes4s: lmao
(08:44 / All) BirdmanDoes4s: rofl
(08:50 / All) ima.Playa: Sill fags and mhs
(08:56 / All) BirdmanDoes4s: mh
(08:57 / All) BirdmanDoes4s: had nothing
(08:59 / All) BirdmanDoes4s: tod o with it
(09:12 / All) ima.Playa: Was it ur 30 apm?
(09:15 / All) TIMG4STRok: l;mfao
(09:22 / All) TIMG4STRok: nice one soryr noob 200+ here
(09:41 / All) ima.Playa: Ya not what apm chart said so far
(09:53 / All) TIMG4STRok: dont really need to utilize it for you shitnoobs
(10:06 / All) TIMG4STRok: http://highper.ch for all replays of me owning noobs like you with 200+ apm
(10:27 / All) ripGOSU4SALE: my apm 70ish?
(10:40 / All) BirdmanDoes4s: I need 5
(10:42 / All) BirdmanDoes4s: to beat purp
(10:46 / All) BirdmanDoes4s: 3 novas
(10:48 / All) BirdmanDoes4s: lol
(11:00 / All) ima.Playa: look at dat mh
(11:04 / Allies) ripGOSU4SALE: nice tp
(11:06 / All) ripGOSU4SALE: nice tp
(11:10 / All) ima.Playa: was
(11:17 / All) ima.Playa: i didnt even have 5 fiends?
(11:29 / All) ripGOSU4SALE: guess i dont mh then
(12:18 / All) TIMG4STRok: ;leave
(12:23 / All) ima.Playa: mh
(12:36 / All) TIMG4STRok: yeah my mh let me outmicro you right ?
(12:37 / All) ima.Playa: cant even hide it
(12:44 / All) BirdmanDoes4s: micro hack tm
(12:47 / All) ima.Playa: u lost like all ur units
(12:50 / All) CribToCoffin: heh
(13:09 / All) TIMG4STRok: i had footmen against mass hunt and i lose like 3 of themg rats
(13:20 / All) Advacit: i didnt fight u
(13:26 / All) TIMG4STRok: are you retarded
(13:48 / All) ima.Playa: NICE CANCEL!
(14:00 / Allies) ripGOSU4SALE: alrdy won
(14:02 / All) ripGOSU4SALE: alrdy won
(14:04 / All) ripGOSU4SALE: get lost
(15:03 / All) TIMG4STRok: leave please
(17:06 / All) TIMG4STRok: nice tp
(17:09 / All) Advacit: suprise
(17:20 / All) TIMG4STRok: surprise we go to attack the last base
(18:47 / All) TIMG4STRok: leave
(18:51 / All) ima.Playa: so bad
(18:54 / All) TIMG4STRok: !v1?